AoeStats
← Malik Bhai

Hideout

507661330Analyzed
1v1 RM · 13d ago on Sep 19, 2026· 25m 49s· 2 players
Game mode
Random Map
Map size
Tiny (2 player)
Population
200
Speed
Normal
Resources
Standard
Victory
Conquest
Starting age
Dark Age
Ending age
Imperial Age
RankedLock teamsTeams togetherTeam positionsShared explorationLock speedFull tech treeHidden civsTurbo modeCheats
Victory
Defeat
🇩🇪 Vietnamese · Germany
1777
+17
🇵🇰 Hindustanis · Pakistan
1791
-17
JamesNewstedd
8:00 Feudal Age
7:52 Loom
8:59 Double-Bit Axe
13:37 Wheelbarrow
13:34 Horse Collar
21:26 Castle Age
19:56 Stone Mining
19:57 Gold Mining
22:08 Town Watch
22:46 Bow Saw
Malik Bhai
7:20 Loom
9:32 Feudal Age
11:15 Fletching
19:38 Castle Age
20:11 Double-Bit Axe
20:06 Horse Collar
21:43 Bodkin Arrow
Connection lost

Rejoining the realm…

Still unreachable

The connection could not be restored.

Session expired

The server has moved on; the page needs a fresh start.